 Dungeon Crawl Stone Soup version 0.26-a0-519-gb2f46efeda (webtiles) character file.

Game seed: 6327542294558150457

22 Morbidden the Charlatan (level 2, 8/25 HPs)
             Began as a Deep Dwarf Artificer on Aug 11, 2020.
             Quit the game on level 1 of the Dungeon.
             The game lasted 00:02:25 (602 turns).

Morbidden the Charlatan (Deep Dwarf Artificer)       Turns: 602, Time: 00:02:26

Health: 8/25       AC:  7    Str: 15    XL:     2   Next: 68%
Magic:  2/2        EV: 11    Int: 11    God:
Gold:   10         SH:  0    Dex: 13    Spells: 1/1 levels left

rFire    . . .     SeeInvis .   k - -3 dagger (curse)
rCold    . . .     Faith    .   (no shield)
rNeg     . . .     Spirit   .   b - +0 leather armour
rPois    .         Reflect  .   (no helmet)
rElec    .         Harm     .   (no cloak)
rCorr    .                      (no gloves)
MR       .....                  (no boots)
Stlth    +.........             h - amulet of inaccuracy (curse)
HPRegen  0.00/turn              f - +4 ring of protection
MPRegen  0.08/turn              (no ring)

@: non-regenerating
A: damage resistance, heal wounds, sense surroundings 1, no regeneration
a: Heal Wounds


You were on level 1 of the Dungeon.
You visited 1 branch of the dungeon, and saw 1 of its levels.

You collected 10 gold pieces.

Inventory:

Hand Weapons
 a - a +0 club
 k - a cursed -3 dagger (weapon)
Missiles
 i - 8 javelins (quivered)
Armour
 b - a +0 leather armour (worn)
Jewellery
 f - a +4 ring of protection (left hand)
 h - a cursed amulet of inaccuracy (around neck)
Wands
 c - a wand of flame (15)
 d - a wand of enslavement (15)
 e - a wand of random effects (13)
Scrolls
 j - a scroll of remove curse {unknown}
Potions
 g - 2 potions of curing


   Skills:
 * Level 1.2 Fighting
 + Level 0.3 Throwing
 + Level 2.3 Armour
 + Level 1.2 Dodging
 + Level 1.2 Stealth
 * Level 4.8 Evocations


You had one spell level left.
You didn't know any spells.
Your spell library was empty.

Dungeon Overview and Level Annotations

Branches:
Dungeon (1/15)

Altars:


Innate Abilities, Weirdness & Mutations

You are resistant to damage.
You can heal yourself by infusing magical energy.
You passively map a small area around you.
You do not regenerate.


Message History

You miss the kobold. The kobold closely misses you.
You closely miss the kobold. The kobold misses you.
You closely miss the kobold. The kobold closely misses you.
You closely miss the kobold. The kobold barely misses you.
You miss the kobold. The kobold hits you but does no damage.
You barely miss the kobold. The kobold hits you but does no damage.
You closely miss the kobold. The kobold hits you but does no damage.
You hit the kobold but do no damage. The kobold closely misses you.
You hit the kobold.
The kobold is heavily wounded.
The kobold barely misses you.
You barely miss the kobold.
The kobold is heavily wounded.
The kobold hits you but does no damage.
You closely miss the kobold.
The kobold is heavily wounded.
The kobold hits you.
Quiver which item? (- for none, * to show all) (? for menu, Esc to quit)
Okay, then.
Are you sure you want to abandon this character and quit the game? (Confirm with "yes".)

....##......#.†.......
....#########.........
,, ≈ 8...#* ,*
#......... ,≈
....#*.#.####..#########
....# ...........>......
,≈
...##*,....##.#.........
'###.+,... #..........[
, .....# .. ###†.K......
≈ .######## * #.@.......
, ....#.... **#.......##
#........, ,,.........#
#........ ...........#
,, ,
..................$...#
,
##....................#
≈
##......................
.#......................
* .#...#... , ,, ≈


You could see a kobold.

Vanquished Creatures
  A leopard gecko (D:1)
  A ball python (D:1)
  A giant cockroach (D:1)
  3 hobgoblins (D:1)
  4 kobolds (D:1)
  3 bats (D:1)
  2 goblins (D:1)
  4 rats (D:1)
19 creatures vanquished.

Notes
Turn   | Place    | Note
-------+----------+-------------------------------------------
     0 | D:1      | Morbidden the Deep Dwarf Artificer began the quest for the
                  | Orb.
     0 | D:1      | Reached XP level 1. HP: 16/16 MP: 1/1
   114 | D:1      | Reached skill level 1 in Fighting
   216 | D:1      | Reached XP level 2. HP: 21/25 MP: 2/2
   602 | D:1      | Quit the game

Illustrated notes

Levels and vault maps discovered:
D:1:      wander_arrival_estate, layout_basic, chequers_serial_rivers_small_3,
          kennysheep_flooded_box, st_stairs_13

Skill      XL: |  1 |
---------------+----+-----
Fighting       | 1 |  1.2
Throwing       | |  0.3
Armour         | |  2.3
Dodging        | |  1.2
Stealth        | |  1.2
Evocations     | |  4.8

Action                   || total
-------------------------++-------
Melee: Club              ||    89
       Dagger            ||    73
Throw: Javelin           ||     8
Evoke: Wand              ||     2
  Use: Scroll            ||     1
 Stab: Sleeping          ||     1
Armor: Leather armour    ||    80
Dodge: Dodged            ||   121

Table legend: (Time is in decaauts)
 A = Elapsed time spent in this place.
 B = Non-inter-level travel time spent in this place.
 C = Inter-level travel time spent in this place.
 D = Time resting spent in this place.
 E = Time spent auto-exploring this place.
 F = Levels seen in this place.
 G = Mean time per level.
                   A        B        C        D        E       F      G
               +--------+--------+--------+--------+--------+-----+--------+
         Total |    631 |    631 |      0 |      0 |    329 |   1 |  631.0 |
       Dungeon |    631 |    631 |      0 |      0 |    329 |   1 |  631.0 |
               +--------+--------+--------+--------+--------+-----+--------+

Top non-repeatable levels by time:
     D:1: 631 daAuts
